 Dungeon Sprint DCSS version 0.31-a0-750-gfe7b580527 (webtiles) character file.

Game seed: 1273516038931396503

0 Monkooky the Charlatan (level 3, 23/23 HPs)
             Began as an Octopode Shapeshifter on Sept 15, 2023.
             Was an Initiate of Wu Jian.
             Quit the game in the Dungeon (Sprint VI: "Thunderdome").
             The game lasted 00:00:54 (60 turns).

Monkooky the Charlatan (Octopode Shapeshifter)        Turns: 60, Time: 00:00:54

Health: 23/23      AC:  1    Str: 15    XL:     3   Next: 12%
Magic:  3/3        EV: 13    Int: 12    God:    Wu Jian [......]
Gold:   200        SH:  0    Dex: 11    Spells: 2/2 levels left

rFire   . .          .
                       - Unarmed
rCold   . . .        (no shield)
rNeg    . . .        (helmet currently unavailable)
rPois   .            (no amulet)
rElec   .            (no ring)
rCorr   .            (no ring)
SInv    .            (no ring)
Will    .....        (no ring)
Stlth   ++           (no ring)
HPRegen 0.23/turn    (no ring)
MPRegen 0.08/turn    (no ring)
                     (no ring)

%: no teleportation
@: beast-form
A: beast (slay +1), almost no armour, amphibious, 8 rings, camouflage 1,
gelatinous body 1, (nimble swimmer 1), tentacles
a: Begin Untransformation, Renounce Religion


You were in the Dungeon.
You worshipped Wu Jian.
Wu Jian was noncommittal.
You were a hulking beast.
You visited 1 branch You collected 200 gold pieces.

Inventory:

Talismans
 b - a beast talisman (active)
 c - a flux talisman
Wands
 j - a wand of quicksilver (5)
 k - a wand of roots (5)
Scrolls
 i - 4 scrolls of blinking
 l - 3 scrolls of fog
Potions
 a - a potion of lignification
 d - a potion of curing
 e - 4 potions of heal wounds
 f - 4 potions of haste
 g - 2 potions of magic
 h - a potion of berserk rage
 m - a potion of resistance


   Skills:
 - Level 1.0 Fighting
 - Level 2.1 Dodging
 - Level 3.3 Unarmed Combat
 - Level 5.7 Evocations
 + Level 3.4 Shapeshifting


You had 2 spell levels left.
You didn't know any spells.
Your spell library was empty.

Dungeon Overview and Level Annotations

Branches:
Dungeon (1/1)

Altars:
Cheibriados
Dithmenos
Fedhas
Gozag
Kikubaaqudgha
Makhleb
Okawaru
Qazlal
Ru
Sif Muna
Trog
Uskayaw
Vehumet
Wu Jian
Xom
Yredelemnul
Zin
The Shining One
Lugonu

Shops:
D *[=??*?*:[((!!!!


Innate Abilities, Weirdness & Mutations

You are a hulking beast.
Your limbs bulge with bestial killing power. (Slay +1)
You cannot wear most types of armour.
You are amphibious.
You can wear up to eight rings at the same time.
Your skin changes colour to match your surroundings (Stealth+).
Your rubbery body absorbs attacks. (AC +1, EV +1)
((You are camouflaged when in or above water. (Stealth+)))
You have tentacles for arms and can constrict up to eight enemies at once.


Message History

The orc barely misses you.
You barely miss the orc. Your grab misses the orc. You squeeze the orc.
You kill the orc!
Found Leful's Magic Scroll Shop and Kyb Vall's Magic Scroll Shop.
Found Eduammy's Must-Have Magic.
There is an ornate altar of the Wu Jian Council here.
You curl up in front of the altar of Wu Jian.
The Council welcomes you!
You can now perform damaging attacks by moving towards foes.
Found Ylogaf's Staff Store.
Found three altars.
Found a shadowy altar of Dithmenos.
Found a shimmering blue altar of Sif Muna.
Found Iqyopus's Distillery.
Found three shops.
Found three altars.
Found an opulent altar of Gozag.
Found a corrupted altar of Lugonu.
Found Louw's Weapon Rack.
Found three shops.
Found two altars.
An iguana comes into view.
The iguana hisses angrily.
You closely miss the iguana. Your grab misses the iguana.
Your squeeze misses the iguana. The iguana closely misses you.
You tentacle-slap the iguana. Your grab misses the iguana.
You squeeze the iguana.
The iguana is heavily wounded.
You tentacle-slap the iguana. You grab the iguana.
The iguana is severely wounded.
You constrict the iguana. The iguana misses you.
You tentacle-slap the iguana but do no damage.
You squeeze the iguana.
You kill the iguana!
The Council accepts your kill.
Your Evocations skill gained 5 levels and is now at level 5!
You have reached level 2!
You have reached level 3!
Your experience leads to an increase in your attributes!
Increase (S)trength, (I)ntelligence, or (D)exterity?
You feel stronger. x2
There is an entrance to Comeon's Timeless Talismans here.
Are you sure you want to abandon this character and quit the game? (Confirm with "yes".)

##∩.....∩##
#∩.......∩#
#_......._#
#_......._#
#_......._#
###.........#
#⌠...........
######.8.........8
##h_._......###....
###∩....)...8.# #.8..
##.............###....
#⌠..........###...###.
#⌠..........# #.<.# #.
#⌠..........###...###.
##.............###....
###∩.....†..8.# #.8..
##∩___......###....


There were no monsters in sight!

Vanquished Creatures
  An iguana (D)
  An orc (D)
2 creatures vanquished.

Notes
Turn   | Place    | Note
-------+----------+-------------------------------------------
     0 | D        | Monkooky the Octopode Shapeshifter began the quest for the
                  | Orb.
     0 | D        | Reached XP level 1. HP: 13/13 MP: 1/1
     1 | D        | Found a glowing silver altar of Zin.
     1 | D        | Found an ornate altar of the Wu Jian Council.
     2 | D        | Found a hide-covered altar of Uskayaw.
     3 | D        | Found a basalt altar of Yredelemnul.
     3 | D        | Found a radiant altar of Vehumet.
     4 | D        | Found Comeon's Timeless Talismans.
     4 | D        | Found a blossoming altar of Fedhas.
     4 | D        | Found a sacrificial altar of Ru.
     4 | D        | Found Inkafeli's Identification Station.
     5 | D        | Found Nobreoloxt's Jewellery.
     5 | D        | Found Qiajagoth's Advanced Armour.
     5 | D        | Found a stormy altar of Qazlal.
     5 | D        | Round 1.
    19 | D        | Found Leful's Magic Scroll Shop.
    19 | D        | Found Kyb Vall's Magic Scroll Shop.
    20 | D        | Found Eduammy's Must-Have Magic.
    22 | D        | Became a worshipper of the Wu Jian Council
    23 | D        | Found a bloodstained altar of Trog.
    23 | D        | Found a burning altar of Makhleb.
    23 | D        | Found a snail-covered altar of Cheibriados.
    23 | D        | Found Ylogaf's Staff Store.
    28 | D        | Found a shadowy altar of Dithmenos.
    29 | D        | Found a shimmering blue altar of Sif Muna.
    30 | D        | Found Iqyopus's Distillery.
    31 | D        | Found Rorphuopt's Distillery.
    31 | D        | Found Peraashre's Bottled Wisdom.
    31 | D        | Found a shimmering altar of Xom.
    31 | D        | Found an ancient bone altar of Kikubaaqudgha.
    31 | D        | Found an iron altar of Okawaru.
    31 | D        | Found Julox's Do-It-Yourself Clinic.
    36 | D        | Found an opulent altar of Gozag.
    37 | D        | Found a corrupted altar of Lugonu.
    39 | D        | Found Louw's Weapon Rack.
    40 | D        | Found a glowing golden altar of the Shining One.
    40 | D        | Found Ryophez's Premium Goods.
    40 | D        | Found Naomoym's Basic Armour.
    40 | D        | Found Pexziuhi's Miscellaneous Merchandise.
    44 | D        | Noticed an iguana
    52 | D        | Killed an iguana
    53 | D        | Reached skill level 5 in Evocations
    53 | D        | Reached XP level 2. HP: 18/18 MP: 2/2
    53 | D        | Reached XP level 3. HP: 23/23 MP: 3/3
    60 | D        | Quit the game

Illustrated notes

Levels and vault maps discovered:
D:        arena_sprint

Skill      XL: |  1 |
---------------+----+-----
Evocations     | 5 |  5.7
Fighting       | |  1.0
Dodging        | |  2.1
Unarmed Combat | |  3.3
Shapeshifting  | |  3.4

Action                     || total
---------------------------++-------
  Melee: Unarmed           ||     6
         Tentacles         ||     3
         Constrict         ||     1
  Dodge: Dodged            ||     3

Table legend: (Time is in decaauts)
 A = Elapsed time spent in this place.
 B = Non-inter-level travel time spent in this place.
 C = Inter-level travel time spent in this place.
 D = Time resting spent in this place.
 E = Time spent auto-exploring this place.
 F = Levels seen in this place.
 G = Mean time per level.
                   A        B        C        D        E       F      G
               +--------+--------+--------+--------+--------+-----+--------+
         Total |     59 |     59 |      0 |      0 |      0 |   1 |   59.0 |
       Dungeon |     59 |     59 |      0 |      0 |      0 |   1 |   59.0 |
               +--------+--------+--------+--------+--------+-----+--------+

Top non-repeatable levels by time:
       D: 59 daAuts
